 Dungeon Crawl Stone Soup version 0.29.0-13-gc9e81de378 (webtiles) character file.

Game seed: 9066786166923099585

34018 Powertoast the Covert (level 13, -21/59 (65) HPs)
             Began as a Spriggan Enchanter on Sept 10, 2022.
             Was the Champion of Dithmenos.
             Killed from afar by Jorgrun (37 damage)
             ... with a blast of rock fragments
             ... on level 1 of the Orcish Mines.
             The game lasted 01:15:50 (18005 turns).

Powertoast the Covert (Spriggan Enchanter)         Turns: 18005, Time: 01:15:51

HP:   -21/59 (65)   AC: 12    Str:  4    XL:     13   Next: 39%
MP:   26/26         EV: 22    Int: 21    God:    Dithmenos [******]
Gold: 884           SH: 18    Dex: 21    Spells: 20/28 levels left

rFire   . . .      SeeInvis +   a - +1 dagger (pain)
rCold   . . .      Faith    .   h - +5 buckler of the Dragon {+Inv Int+5}
rNeg    . . .      Spirit   .   x - +0 troll leather armour
rPois   +          Reflect  +   V - +2 hat
rElec   .          Harm     .   s - +0 cloak
rCorr   .          Rampage  .   (gloves unavailable)
Will    ++...                   (boots unavailable)
Stlth   +++++++++.              C - amulet of reflection
HPRegen 0.99/turn               d - +4 ring of protection
MPRegen 0.20/turn               y - ring of poison resistance

@: wreathed by umbra, studying Fire Magic, drained, very quick
A: very small, no large weapons, unfitting armour, see invisible, speed 3
a: Renounce Religion, Evoke Invisibility, Shadow Step, Shadow Form


You were on level 1 of the Orcish Mines.
You worshipped Dithmenos.
Dithmenos was exalted by your worship.
You visited 4 branches of the dungeon, and saw 16 of its levels.
You also visited: Ossuary.

You collected 1029 gold pieces.
You spent 145 gold pieces at shops.

Inventory:

Hand Weapons
 a - a +1 dagger of pain (weapon)
 b - a +2 dagger of protection
 P - a +1 dagger of speed
Missiles
 k - 17 poisoned darts
 o - 16 boomerangs
Armour
 f - a +1 robe
 h - the +5 buckler of the Dragon (worn) {+Inv Int+5}
   (You found it on level 2 of the Dungeon)

   Int:       It affects your intelligence (+5).
   +Inv:      It lets you turn invisible.
 s - a +0 cloak (worn)
 x - a +0 troll leather armour (worn)
 V - a +2 hat (worn)
Jewellery
 d - a +4 ring of protection (left hand)
 w - a ring of resist corrosion
 y - a ring of poison resistance (right hand)
 z - a ring of protection from cold
 C - an amulet of reflection (around neck)
 J - a ring of protection from fire
 L - a ring of willpower
 N - a ring of fire
 O - a ring of fire
 Q - a +6 ring of strength
Wands
 u - a wand of flame (35)
 R - a wand of quicksilver (8)
 S - a wand of roots (4)
Scrolls
 g - a scroll of vulnerability
 n - 2 scrolls of brand weapon
 p - 4 scrolls of fear
 q - 8 scrolls of teleportation
 r - 2 scrolls of summoning
 A - 4 scrolls of immolation
 D - 5 scrolls of amnesia
 E - a scroll of blinking {unknown}
 G - a scroll of poison {unknown}
 H - 2 scrolls of magic mapping {unknown}
 I - a scroll of enchant armour {unknown}
 K - a scroll of enchant weapon {unknown}
 T - a scroll of silence {unknown}
Potions
 c - 3 potions of invisibility
 e - 2 potions of brilliance
 i - 3 potions of mutation
 j - 3 potions of lignification
 l - 3 potions of might
 m - 3 potions of heal wounds
 t - 2 potions of haste {unknown}
 v - 5 potions of attraction
 B - 2 potions of flight {unknown}
 F - 2 potions of curing {unknown}
 M - a potion of magic {unknown}
 U - a potion of cancellation {unknown}


   Skills:
 - Level 6.0 Fighting
 - Level 12.0 Short Blades
 - Level 5.0 Armour
 - Level 10.0 Dodging
 + Level 12.2 Stealth
 - Level 5.0 Shields
 + Level 8.3 Spellcasting
 - Level 10.0 Hexes
 - Level 5.0 Ice Magic
 - Level 5.0 Invocations
 - Level 5.0 Evocations


You had 20 spell levels left.
You knew the following spells:

 Your Spells              Type           Power      Damage    Failure   Level
a - Ensorcelled Hibernat  Hex/Ice        80%        N/A       1%          2
b - Confusing Touch       Hex            50%        N/A       1%          3
c - Tukima's Dance        Hex            50%        N/A       1%          3

Your spell library contained the following spells:

 Spells                   Type           Power      Damage    Failure   Level
 Dazzling Flash           Conj/Hex       58%        N/A       10%         3
 Portal Projectile        Hex/Tloc       58%        N/A       10%         3
 Leda's Liquefaction      Hex/Erth       14%        N/A       30%         4
 Blink                    Tloc           16%        N/A       36%         2
 Scorch                   Fire           16%        2d5       36%         2
 Static Discharge         Conj/Air       8%         3-4/arc   36%         2
 Call Canine Familiar     Summ           8%         N/A       58%         3
 Dispel Undead            Necr           8%         3d8       94%         4
 Flame Wave               Conj/Fire      8%         2d5       94%         4
 Sticky Flame             Conj/Fire      8%         2d3       94%         4
 Manifold Assault         Tloc           8%         N/A       100%        5
 Summon Cactus Giant      Summ           4%         N/A       100%        6
 Storm Form               Tmut/Air       4%         N/A       100%        7


Dungeon Overview and Level Annotations

Branches:
Dungeon (10/15)            Temple (1/1) D:4            Lair (4/5) D:9
 Shoals (0/4) Lair:3       Spider (0/4) Lair:2        Slime (0/5) Lair:4
    Orc (1/2) D:10        Ossuary (visited)

Altars:
Ashenzari
Cheibriados
Dithmenos
Elyvilon
Fedhas
Gozag
Hepliaklqana
Kikubaaqudgha
Makhleb
Nemelex Xobeh
Okawaru
Qazlal
Ru
Sif Muna
Trog
Uskayaw
Vehumet
Wu Jian
Xom
Yredelemnul
Zin
The Shining One

Shops:
D:5 *   D:10 *

Annotations:
D:8 4 runed translucent doors
Orc:1 Jorgrun


Innate Abilities, Weirdness & Mutations

You are very small and have problems with some larger weapons.
You are too small for most types of armour.
You have supernaturally acute eyesight. (SInv)
You cover ground extremely quickly. (Speed+++)


Message History

You hit Jorgrun but do no damage. Jorgrun misses you.
You hit Jorgrun but do no damage.
Jorgrun says, "Yer just na down-ta-earth enough."
You block Jorgrun's attack.
You hit Jorgrun but do no damage. You hit Jorgrun but do no damage.
Your shadow hits Jorgrun but does no damage.
Jorgrun gestures at you while chanting.
Roots burst forth from the earth!
The grasping roots grab you! The grasping roots constrict you!
You emit a cloud of dark smoke.
You escape the roots grasp.
Things that are here:
a +0 chain mail; a +0 trident; a +0 arbalest You hit Jorgrun but do no damage.
Your shadow barely misses Jorgrun.
Jorgrun casts a spell at you.
Roots burst forth from the earth!
The grasping roots grab you! The grasping roots constrict you.
You completely miss Jorgrun.
Jorgrun hits you with a +0 vorpal quarterstaff!!
The grasping roots constrict you!
* * * LOW HITPOINT WARNING * * *
The roots grasp on you weakens, but your attempt to escape fails.
You block Jorgrun's attack. The grasping roots constrict you.
* * * LOW HITPOINT WARNING * * *
You escape the roots grasp.
Jorgrun points at you and mumbles some strange words.
Roots burst forth from the earth!
The grasping roots grab you! The grasping roots constrict you.
You escape the roots grasp.
There is a staircase back to the Dungeon, spattered with blood here.
Your hands stop glowing.
Magic restored.
Jorgrun says, "A few more walls knocked out 'ere an' thar an' 'tis whole place will come crashin' down."
Jorgrun gestures next to you while chanting.
The wall shatters!
The blast of rock fragments hits you!!!
Ouch! That really hurt!
You die...

### ##### ..# ###
##...## ..#
##.####.#..#.##..#
#@................
##)....[##.##.....
##.......###......
##...#..)..#§§.....
##.....[.g.§§§§§....
#>.......)..§§§§§...
##.........§.§§.§...
##........)....§..#
#.........)...)....


You could see Jorgrun.

Vanquished Creatures
  Rupert (Lair:4)
  3 boulder beetles
  4 hydras
  An ogre mage (Orc:1)
  8 two-headed ogres
  4 death yaks
  Urug (Lair:4)
  4 elephants (Lair:2)
  5 black mambas
  A torpor snail (Lair:4)
  A gargoyle (D:10)
  7 cane toads
  Joseph (Lair:1)
  A rime drake (Lair:2)
  A kobold demonologist (D:9)
  4 komodo dragons
  2 trolls (D:5)
  3 polar bears
  2 burning bushes (Lair:1)
  3 jumping spiders (Lair:2)
  A wraith (Ossuary)
  2 wyverns
  19 yaks
  A basilisk (Lair:3)
  A steam dragon (D:8)
  2 redbacks (Lair:2)
  10 water moccasins
  5 black bears
  5 orc warriors
  2 sky beasts
  3 ice beasts (D:5)
  4 ogres
  7 centaurs
  3 kobold brigands
  2 necrophages
  17 bullfrogs
  5 scorpions
  11 killer bees
  3 howler monkeys
  3 electric eels
  7 jellies
  11 orc priests
  3 hounds
  3 iron imps (D:9)
  Jessica (D:2)
  3 iguanas
  11 orc wizards
  6 hell rats
  A mummy (Ossuary)
  9 adders
  11 gnolls
  10 river rats (Lair:3)
  A shadow imp (D:5)
  A white imp (D:8)
  4 ufetubi
  4 worms
  4 dart slugs
  25 orcs
  4 bats
  8 endoplasms
  5 goblins
  8 hobgoblins
  A jackal (D:10)
  5 quokkas
  11 ball pythons
  3 frilled lizards
  9 gnoll skeletons (Ossuary)
  A hobgoblin zombie (D:7)
  21 kobolds
  7 kobold skeletons (Ossuary)
  9 orc skeletons (Ossuary)
  8 rats
378 creatures vanquished.

Vanquished Creatures (collateral kills)
  A killer bee (D:9)
1 creature vanquished.

Vanquished Creatures (others)
  A bush (Lair:1)
  13 fungi
  23 plants
37 creatures vanquished.

Grand Total: 416 creatures vanquished

Notes
Turn   | Place    | Note
-------+----------+-------------------------------------------
     0 | D:1      | Powertoast the Spriggan Enchanter began the quest for the
                  | Orb.
     0 | D:1      | Reached XP level 1. HP: 9/9 MP: 5/5
   475 | D:1      | Reached XP level 2. HP: 9/13 MP: 7/7
   478 | D:1      | Learned a level 2 spell: Ensorcelled Hibernation
   918 | D:1      | Reached skill level 5 in Stealth
  1100 | D:2      | Reached XP level 3. HP: 14/16 MP: 9/9
  1106 | D:2      | Identified the +5 buckler of the Dragon {+Inv Int+5}
  1429 | D:2      | Noticed Jessica
  1443 | D:2      | Reached XP level 4. HP: 13/21 MP: 2/11
  1449 | D:2      | Killed Jessica
  1450 | D:2      | Reached skill level 1 in Shields
  2261 | D:2      | Found a faded altar of an unknown god.
  2527 | D:3      | Reached XP level 5. HP: 25/25 MP: 12/12
  2586 | D:3      | Learned a level 3 spell: Confusing Touch
  2590 | D:3      | Learned a level 3 spell: Tukima's Dance
  2652 | D:3      | Noticed a black bear
  2672 | D:3      | Killed a black bear
  2673 | D:3      | Reached skill level 1 in Fighting
  2971 | D:3      | Found a faded altar of an unknown god.
  2975 | D:3      | Found a stormy altar of Qazlal.
  3352 | D:3      | Reached XP level 6. HP: 23/30 MP: 2/14
  3929 | D:4      | Found a staircase to the Ecumenical Temple.
  3936 | Temple   | Entered the Ecumenical Temple
  4091 | Temple   | Became a worshipper of Dithmenos the Shadowed
  4113 | D:4      | Reached skill level 5 in Spellcasting
  4144 | D:4      | Reached skill level 5 in Hexes
  4233 | D:4      | Reached XP level 7. HP: 33/33 MP: 10/15
  4240 | D:4      | Found a snail-covered altar of Cheibriados.
  4535 | D:4      | Found a sparkling altar of Nemelex Xobeh.
  4829 | D:5      | Entered Level 5 of the Dungeon
  5164 | D:5      | Noticed a troll
  5198 | D:5      | Reached * piety under Dithmenos
  5381 | D:5      | Reached XP level 8. HP: 29/37 MP: 18/18
  5692 | D:5      | Found a bloodstained altar of Trog.
  5734 | D:5      | Reached skill level 5 in Shields
  5782 | D:5      | Found Giymoivu's Elemental Accessories.
  5790 | D:5      | Bought a wand of flame (16) for 145 gold pieces
  5810 | D:5      | Identified the +4 long sword "Ukutum" {flame, Dex+4}
  5892 | D:5      | Noticed a troll
  5900 | D:5      | Killed a troll
  5901 | D:5      | Reached skill level 1 in Invocations
  5901 | D:5      | Reached skill level 1 in Evocations
  6261 | D:5      | Killed a troll
  6262 | D:5      | Reached XP level 9. HP: 29/42 MP: 12/19
  7435 | D:6      | Reached skill level 1 in Armour
  8079 | D:7      | Found a sand-covered staircase.
  8100 | Ossuary  | Entered an ossuary
  8112 | Ossuary  | Reached ** piety under Dithmenos
  8222 | Ossuary  | Reached skill level 5 in Dodging
  8502 | D:7      | Noticed a two-headed ogre
  8579 | D:7      | Killed a two-headed ogre
  9016 | D:8      | Found a shimmering altar of Xom.
  9088 | D:8      | Reached skill level 5 in Armour
  9088 | D:8      | Reached XP level 10. HP: 46/46 MP: 5/20
  9093 | D:8      | Noticed a two-headed ogre
  9166 | D:8      | Killed a two-headed ogre
  9167 | D:8      | Reached skill level 1 in Ice Magic
  9396 | D:8      | Found a huge runed translucent gate.
  9396 | D:8      | Found a huge runed translucent gate.
  9396 | D:8      | Found a huge runed translucent gate.
  9396 | D:8      | Noticed a manticore
  9397 | D:8      | Found a huge runed translucent gate.
  9397 | D:8      | Noticed a manticore
  9599 | D:8      | Found a glowing golden altar of the Shining One.
  9624 | D:8      | Identified the +0 leather armour of Beauty {Str+3}
  9677 | D:8      | Reached *** piety under Dithmenos
 10480 | D:9      | Noticed a two-headed ogre
 10495 | D:9      | Killed a two-headed ogre
 10496 | D:9      | Reached skill level 5 in Short Blades
 10634 | D:9      | Reached skill level 5 in Evocations
 10881 | D:9      | Found an ancient bone altar of Kikubaaqudgha.
 10881 | D:9      | Found a hazy altar of Hepliaklqana.
 11214 | D:9      | Found a staircase to the Lair.
 11467 | D:9      | Found a burning altar of Makhleb.
 11616 | D:10     | Entered Level 10 of the Dungeon
 11616 | D:10     | Found Reinifes's Assorted Antiques.
 11617 | D:10     | Noticed a gargoyle
 11636 | D:10     | Killed a gargoyle
 11670 | D:10     | Reached **** piety under Dithmenos
 11734 | D:10     | Found a sacrificial altar of Ru.
 11980 | D:10     | Found a staircase to the Orcish Mines.
 11993 | D:10     | Reached XP level 11. HP: 53/53 MP: 21/21
 12828 | Lair:1   | Entered Level 1 of the Lair of Beasts
 12843 | Lair:1   | Noticed Joseph
 12852 | Lair:1   | Killed Joseph
 12858 | Lair:1   | Noticed an eight-headed hydra
 13033 | Lair:1   | Reached skill level 5 in Invocations
 13209 | Lair:1   | Reached skill level 10 in Hexes
 13227 | Lair:1   | Noticed a boulder beetle
 13256 | Lair:1   | Killed a boulder beetle
 13306 | Lair:1   | Noticed a boulder beetle
 13350 | Lair:1   | Killed a boulder beetle
 13494 | Lair:1   | Killed an eight-headed hydra
 13494 | Lair:1   | Reached ***** piety under Dithmenos
 13495 | Lair:1   | Reached skill level 5 in Fighting
 13768 | Lair:1   | Noticed an eight-headed hydra
 13792 | Lair:1   | Reached skill level 10 in Stealth
 13873 | Lair:1   | Killed an eight-headed hydra
 14082 | Lair:1   | Reached XP level 12. HP: 55/60 MP: 0/25
 14770 | Lair:2   | Reached skill level 10 in Short Blades
 15181 | Lair:2   | Found a hole to the Spider Nest.
 15585 | Lair:3   | Found a staircase to the Shoals.
 15752 | Lair:3   | Noticed a death yak
 15753 | Lair:3   | Noticed a death yak
 15755 | Lair:3   | Noticed a death yak
 15756 | Lair:3   | Noticed a four-headed hydra
 15900 | D:9      | Killed a death yak
 15929 | Lair:2   | Killed a death yak
 15976 | Lair:1   | Killed a four-headed hydra
 15998 | Lair:2   | Killed a death yak
 16517 | Lair:3   | Noticed a seven-headed hydra
 16525 | Lair:3   | Killed a seven-headed hydra
 16688 | Lair:4   | Noticed Urug
 16692 | Lair:4   | Killed Urug
 16760 | Lair:4   | Reached XP level 13. HP: 65/65 MP: 26/26
 16859 | Lair:4   | Noticed Rupert
 16906 | Lair:4   | Found a staircase to the Slime Pits.
 16924 | Lair:4   | Killed Rupert
 17595 | Orc:1    | Entered Level 1 of the Orcish Mines
 17756 | Orc:1    | Reached skill level 10 in Dodging
 17756 | Orc:1    | Reached skill level 5 in Ice Magic
 17817 | Orc:1    | Noticed Jorgrun
 17824 | Orc:1    | Reached ****** piety under Dithmenos
 18005 | Orc:1    | Killed from afar by Jorgrun

Illustrated notes

Levels and vault maps discovered:
D:1:      matt_arrival_diagonals, layout_basic
D:2:      layout_loops_ring, chequers_ecumenical_altar_twisty,
          minmay_pentomino_o4, uniq_jessica
D:3:      minmay_door_path, layout_loops_ring,
          nicolae_overflow_ecumenical_swirl, chequers_decorated_corner
D:4:      layout_loops_ring, nemelex_xobeh_ov_fountains_minmay,
          cheibriados_altar_1, minmay_temple_entry_waves
D:5:      layout_loops_ring, mainiacjoe_overflow_brackets, grunt_ministairs_8,
          chequers_serial_rivers_large_a, nicolae_elemental_shop,
          minmay_misc_feat_hallway, minmay_manual_mail
D:6:      layout_layer_cave, portal_sewer_entry_b, st_stairs_14
D:7:      layout_basic, enter_ossuary_3, serial_glass, glass_columns_c,
          glass_columns_a
D:8:      lemuel_bear_cage, layout_basic, tso_oasis_becter, lemuel_round_altar,
          hangedman_decor_peaks_small
D:9:      layout_stronghold, demons_altar, nicolae_overflow_two_pavilions,
          grunt_lair_entry_orc_guard_hut, nicolae_concentric_dashed_squares_wild
D:10:     layout_roguey, nicolae_ru_great_annihilating_truth,
          minmay_orc_entry_temple_small, serial_shops,
          nicolae_shop_overgrown_old_shop
Temple:   hellmonk_temple_flake
Lair:1:   layout_gridlike, nicolae_lair_grove_arrangements, st_stairs_12,
          columned_hall_lemuel, evilmike_ambush [evilmike_ambush_outer_doors,
          evilmike_ambush_inner_pond], uniq_joseph
Lair:2:   layout_regular_city, spider_nest_entry_a, serial_bayou_pond_a,
          lemuel_fruit_tree, serial_bayou_shore_a
Lair:3:   layout_long_grid, minmay_shoals_entry_centaurs,
          chequers_serial_rivers_large_b, kennysheep_rathole
Lair:4:   layout_gridlike, nicolae_slime_entry_slimehenge,
          hangedman_lair_generics_rect, uniq_rupert, uniq_urug
Orc:1:    layout_caves, basic_altar, nicolae_orc_damp_corner, uniq_jorgrun

Skill      XL: |  1  2  3  4  5  6  7  8  9 10 11 12 13 |
---------------+----------------------------------------+-----
Spellcasting   | 3 4 5 6 8 |  8.3
Hexes          | 4 5 6 7 8 9 10 | 10.0
Stealth        | 5 6 7 8 10 12 | 12.2
Shields        | 1 2 3 4 5 |  5.0
Fighting       | 1 2 4 5 6 |  6.0
Short Blades   | 2 3 6 9 11 12 | 12.0
Invocations    | 1 2 4 5 |  5.0
Evocations     | 2 5 |  5.0
Dodging        | 5 8 10 | 10.0
Armour         | 5 |  5.0
Ice Magic      | 1 3 5 |  5.0

Action                   |  1- 3 |  4- 6 |  7- 9 | 10-12 | 13-15 || total
-------------------------+-------+-------+-------+-------+-------++-------
Melee: Dagger            |    98 |   117 |   347 |   539 |    59 ||  1160
Throw: Dart              |     5 |       |       |       |       ||     5
 Cast: Ensorcelled Hiber |    22 |    40 |    96 |   206 |    29 ||   393
       Confusing Touch   |       |     1 |     6 |    27 |     7 ||    41
 Abil: Evoke Invisibilit |       |       |       |       |     1 ||     1
Evoke: Wand              |       |       |       |       |     2 ||     2
  Use: Scroll            |     3 |     4 |     3 |     4 |     1 ||    15
       Potion            |     1 |       |       |       |       ||     1
 Stab: Sleeping          |    15 |    34 |    71 |   134 |    21 ||   275
       Invisible         |     1 |     1 |       |       |       ||     2
       Confused          |       |       |     9 |    27 |     6 ||    42
       Distracted        |       |       |     1 |     2 |       ||     3
       Paralysed         |       |       |       |     1 |       ||     1
Armor: Robe              |    11 |    27 |    35 |       |       ||    73
       Troll leather arm |       |       |    13 |    70 |     1 ||    84
Dodge: Dodged            |    62 |    58 |   146 |   279 |    20 ||   565
Block: Buckler           |    24 |    69 |   234 |   438 |    41 ||   806
       Reflection        |       |       |     1 |    14 |     6 ||    21
